 Dungeon Crawl Stone Soup version 0.24.0-13-gcf9b319 (webtiles) character file.

Game seed: 2665765708557656927, levelgen mode: deterministic

126 prawnwizard the Insei (level 5, 0/34 HPs)
             Began as an Octopode Transmuter on Mar 1, 2020.
             Slain by an orc wizard
             ... wielding a +0 dagger
              (2 damage)
             ... on level 3 of the Dungeon.
             The game lasted 00:05:59 (2710 turns).

prawnwizard the Insei (Octopode Transmuter)         Turns: 2710, Time: 00:05:59

Health: 0/34       AC:  1    Str: 10    XL:     5   Next: 10%
Magic:  7/9        EV: 14    Int: 15    God:
Gold:   94         SH:  0    Dex: 13    Spells: 8/9 levels left

rFire    + . .     SeeInvis .     - Unarmed
rCold    . . .     Gourm    .   (no shield)
rNeg     . . .     Faith    .   (helmet restricted)
rPois    .         Spirit   .   (no amulet)
rElec    .         Reflect  .   j - ring of protection from fire
rCorr    .         Harm     .   k - ring of stealth
MR       .....                  (no ring)
Stlth    +++.......             (no ring)
HPRegen  0.11/turn              (no ring)
MPRegen  0.11/turn              (no ring)
                                (no ring)
                                (no ring)

@: no status effects
A: almost no armour, stealthy swim, amphibious, 8 rings, constrict 8, camouflage
1, gelatinous body 1
a: no special abilities


You were on level 3 of the Dungeon.
You were hungry.

You visited 1 branch of the dungeon, and saw 3 of its levels.

You collected 94 gold pieces.

Inventory:

Hand Weapons
 d - a +0 dagger
Missiles
 a - 12 arrows
Jewellery
 j - a ring of protection from fire (left tentacle)
 k - a ring of stealth (right tentacle)
Scrolls
 e - a scroll of enchant weapon {unknown}
 g - 2 scrolls of teleportation {unknown}
 h - a scroll of remove curse {unknown}
 i - 4 scrolls of identify {unknown}
 l - a scroll of fog {unknown}
Potions
 b - a potion of invisibility {unknown}
Comestibles
 c - 2 rations
 f - 3 chunks of flesh


   Skills:
 + Level 2.1 Fighting
 + Level 2.8 Dodging
 + Level 3.6 Unarmed Combat
 + Level 2.7 Spellcasting
 + Level 2.8 Transmutations


You had 8 spell levels left.
You knew the following spells:

 Your Spells              Type           Power        Failure   Level  Hunger
a - Beastly Appendage     Tmut           ##....       6%          1    #......

Your spell library contained the following spells:

 Spells                   Type           Power        Failure   Level  Hunger
 Sticks to Snakes         Tmut           ##......     10%         2    ##.....
 Spider Form              Tmut/Pois      #.........   34%         3    ###....
 Ice Form                 Ice/Tmut       #.......     75%         4    #####..
 Blade Hands              Tmut           ##........   87%         5    ######.


Dungeon Overview and Level Annotations

Branches:
Dungeon (3/15)

Altars:


Innate Abilities, Weirdness & Mutations

You cannot wear most types of armour.
You are very stealthy in the water. (Stealth+)
You are amphibious.
You can wear up to eight rings at the same time.
You can use your tentacles to constrict eight enemies at once.
Your skin changes colour to match your surroundings (Stealth+).
Your rubbery body absorbs attacks. (AC +1, EV +1)


Message History

You have reached level 5!
You feel stronger.
You hear some strange, mumbled words.
A puff of flame appears from out of thin air!
The puff of flame hits you. You resist.
You hear some strange, mumbled words.
A magic dart appears from out of thin air!
The magic dart hits you!
* * * LOW HITPOINT WARNING * * *
Things that are here:
a +0 dagger; a +0 robe You closely miss something.
Something hits you.
* * * LOW HITPOINT WARNING * * *
You tentacle-slap something but do no damage.
Something hits you.
* * * LOW HITPOINT WARNING * * *
You miss something. Something hits you.
* * * LOW HITPOINT WARNING * * *
You closely miss something. Something hits you.
You die...

.# #.# #.# .## ..# #.#
.o #.# #.##### #. #.#
#.##... ##)##.#
#.##.#. #...#.#
#.##.#< #.###ro#
#.##.#. # ##)# #....#.
#. #@# ###..#. #.#
##.# #..#.
#.###..####### #..#.
#...#.......######..#.
#.#########.........##
#.# ########.##
#.################.#
#...............)..#
####################


You could see an orc and a rat.

Vanquished Creatures
  An orc wizard (D:3)
  2 adders (D:2)
  3 oozes
  A worm (D:2)
  A dart slug (D:2)
  2 leopard geckos (D:2)
  2 orcs (D:3)
  2 ball pythons (D:1)
  11 bats
  5 hobgoblins
  3 frilled lizards (D:2)
  8 goblins
  7 kobolds
  9 rats
57 creatures vanquished.

Notes
Turn   | Place    | Note
-------+----------+-------------------------------------------
     0 | D:1      | prawnwizard the Octopode Transmuter began the quest for the
                  | Orb.
     0 | D:1      | Reached XP level 1. HP: 13/13 MP: 3/3
   284 | D:1      | Reached XP level 2. HP: 4/18 MP: 5/5
   912 | D:1      | Reached XP level 3. HP: 16/23 MP: 6/6
  1349 | D:1      | You fall into a shaft and drop 1 floor!
  1538 | D:2      | Reached XP level 4. HP: 24/29 MP: 7/7
  2705 | D:3      | Reached XP level 5. HP: 23/34 MP: 7/9
  2709 | D:3      | HP: 1/34 [something (4)]
  2710 | D:3      | Slain by an orc wizard

Levels and vault maps discovered:
D:1:      dpeg_arrival_water_temple_mockup, layout_loops_ring, dk_noncrumbling_3
D:2:      minmay_skewed_foursquare, layout_basic
D:3:      layout_loops_ring

Skill      XL: |  1  2  3  4 |
---------------+-------------+-----
Fighting       | 2 |  2.1
Dodging        | |  2.8
Unarmed Combat | |  3.6
Spellcasting   | |  2.7
Transmutations | |  2.8

Action                   |  1- 3 |  4- 6 || total
-------------------------+-------+-------++-------
Melee: Unarmed           |    90 |    51 ||   141
       Constrict         |    29 |    13 ||    42
       Tentacles         |     7 |    13 ||    20
       Punch             |     3 |       ||     3
 Stab: Sleeping          |     5 |     5 ||    10
  Eat: Chunk             |     2 |     3 ||     5
Armor: Skin              |     9 |     5 ||    14
Dodge: Dodged            |    70 |    24 ||    94
